 Dungeon Crawl Stone Soup version 0.19.0 (webtiles) character file.

134976 Danakh the Executioner (level 16, -2/151 HPs)
             Began as a Minotaur Fighter on Nov 7, 2016.
             Was a High Priest of Vehumet.
             Succumbed to a swamp dragon's poison gas
             ... on level 2 of the Swamp.
             The game lasted 01:36:16 (32946 turns).

Danakh the Executioner (Minotaur Fighter)          Turns: 32946, Time: 01:36:16

Health: -2/151     AC: 25    Str: 25    XL:     16   Next: 63%
Magic:  13/15      EV: 13    Int:  5    God:    Vehumet [*****.]
Gold:   2374       SH: 24    Dex: 17    Spells: 0 memorised, 15 levels left

rFire  . . .     SeeInvis .     g - +3 war axe (flame)
rCold  + . .     Gourm    .     c - +2 plate armour {rC+}
rNeg   . . .     Faith    .     R - +2 large shield
rPois  .         Spirit   +     (helmet restricted)
rElec  .         Reflect  .     W - +0 cloak
rCorr  .         Harm     .     w - +1 pair of gloves
MR     ++...                    (no boots)
Stlth  ..........               J - amulet of guardian spirit
                                z - ring of loudness (curse)
                                s - +5 ring of evasion

@: lethally poisoned (-2 -> -35)
A: retaliatory headbutt, horns 2, repulsion field 1, molten scales 1, agile 2,
magic resistance 1, mutation resistance 1
a: Renounce Religion


You were on level 2 of the Swamp.
You worshipped Vehumet.
Vehumet was extremely pleased with you.
You were not hungry.

You visited 5 branches of the dungeon, and saw 26 of its levels.
You also visited: Ice Cave.

You collected 2668 gold pieces.
You spent 294 gold pieces at shops.

Inventory:

Hand Weapons
 g - a +3 war axe of flaming (weapon)
Armour
 c - a +2 plate armour of cold resistance (worn)
 w - a +1 pair of gloves (worn)
 R - a +2 large shield (worn)
 W - a +0 cloak (worn)
 X - +0 swamp dragon scales
Jewellery
 s - a +5 ring of evasion (left hand)
 z - a cursed ring of loudness (right hand)
 C - an uncursed ring of protection from cold
 J - an amulet of guardian spirit (around neck)
Wands
 d - a wand of acid (6/15)
 e - a wand of confusion (32/48)
 h - a wand of flame (22/48)
 o - a wand of digging (12/24)
 y - a wand of lightning (8/15)
 A - a wand of heal wounds (8/9)
 D - a wand of teleportation (1/9)
 Q - a wand of lightning (4/15)
 V - a wand of acid (9/15)
 Y - a wand of polymorph (15/24)
 Z - a wand of lightning (9/15)
Scrolls
 i - 3 scrolls of acquirement {unknown}
 j - 9 scrolls of identify {unknown}
 m - 3 scrolls of magic mapping {unknown}
 n - a scroll of summoning {unknown}
 x - 2 scrolls of fear {unknown}
 B - 2 scrolls of teleportation {unknown}
 F - a scroll of amnesia {unknown}
 G - a scroll of blinking {unknown}
 I - a scroll of holy word {unknown}
 K - a scroll of recharging {unknown}
 L - a scroll of enchant armour {unknown}
 N - a scroll of enchant weapon {unknown}
 O - a scroll of remove curse {unknown}
 T - a scroll of fog {unknown}
Potions
 a - a potion of ambrosia {unknown}
 k - 3 potions of flight {unknown}
 l - 2 potions of might
 p - 4 potions of brilliance {unknown}
 q - 4 potions of mutation {unknown}
 r - 4 potions of curing {unknown}
 t - a potion of resistance {unknown}
 E - a potion of heal wounds {unknown}
 H - a potion of degeneration {unknown}
 P - a potion of lignification {unknown}
 S - a potion of invisibility {unknown}
Books
 M - a book of Transfigurations

   Spells                             Type                      Level
   a - Irradiate                      Conjuration/Transmutation    5
   b - Statue Form                    Transmutation/Earth          6
   c - Hydra Form                     Transmutation                6
   d - Dragon Form                    Transmutation                7
Comestibles
 b - 13 royal jellies
 f - 16 bread rations
 u - 12 slices of pizza
 v - 7 meat rations
 U - 3 chunks of flesh


   Skills:
 + Level 16.0 Fighting
 * Level 21.2 Axes
 + Level 15.5 Armour
 + Level 16.4 Shields


You had 15 spell levels left.
You didn't know any spells.

Dungeon Overview and Level Annotations

Branches:
Dungeon (15/15)            Temple (0/1) D:5            Lair (6/6) D:11
  Swamp (2/4) Lair:2        Snake (1/4) Lair:2        Slime (0/5) Lair:5
    Orc (2/2) D:12            Elf (0/3) Orc:2        Vaults (0/5) D:13
 Depths (0/5) D:15

Altars:
Cheibriados
Elyvilon
Fedhas
Hepliaklqana
Kikubaaqudgha
Okawaru
Qazlal
Sif Muna
Vehumet
The Shining One

Shops:
D:10 *   D:12 =   Orc:2 *[*(=

Portals:
Trove: D:15 (give wand of hasting (9))

Annotations:
D:9 exclusions: obsidian statue and orange crystal statue
Snake:1 Aizul


Innate Abilities, Weirdness & Mutations

You reflexively headbutt those who attack you in melee.
You have a pair of horns on your head.
You are surrounded by a mild repulsion field. (EV +2)
You are partially covered in molten scales. (AC +2)
You are very agile. (Dex +4)
You are resistant to hostile enchantments. (MR+)
You are somewhat resistant to further mutation.


Message History

* * * LOW HITPOINT WARNING * * *
You feel very sick.
Things that are here:
+0 swamp dragon scales; a swamp dragon corpse X - +0 swamp dragon scales
* * * LOW HITPOINT WARNING * * *
You feel very sick.
Wear which item? (? for menu, Esc to quit)
Keep disrobing?
* * * LOW HITPOINT WARNING * * *
You feel very sick.
You start removing your armour.
You continue taking off your +2 plate armour of cold resistance.
* * * LOW HITPOINT WARNING * * *
You feel very sick.
You continue taking off your +2 plate armour of cold resistance.
* * * LOW HITPOINT WARNING * * *
You feel very sick.
You continue taking off your +2 plate armour of cold resistance.
You die...

♣.♣.♣ ♣.♣♣. ♣♣...♣ ♣..≈.♣
♣≈≈≈.♣ ♣.§♣.♣ ♣.♣♣.♣♣♣ ♣.
♣..≈...♣♣♣ ♣♣♣♣♣....
♣♣..♣♣♣.@>♣♣♣♣♣♣.>†.≈...
♣♣.≈.♣♣♣.≈.)......≈♣♣♣≈.♣
♣♣..≈.....≈≈.≈≈...♣♣♣
♣♣..♣♣♣♣.≈≈≈≈.≈≈...♣ ♣♣≈.♣♣
♣.♣≈≈≈.≈♣♣..♣
♣♣♣♣♣≈≈♣♣≈≈♣.♣.$.....§≈...
♣.♣≈..♣...♣♣♣♣♣♣♣♣♣♣♣♣♣♣♣♣♣
≈.≈≈≈.≈≈♣♣♣ ≈..†..♣♣♣


There were no monsters in sight!

Vanquished Creatures
  Nikola (Swamp:2)
  Agnes (D:14)
  An orc warlord (Orc:1)
  Louise (D:15)
  2 stone giants (Orc:2)
  A yaktaur captain (D:12)
  Fannar (Orc:1)
  A rakshasa (D:13)
  13 hydras
  4 vault guards
  7 centaur warriors
  An ogre mage (D:15)
  4 alligators
  3 orc high priests (Orc:2)
  6 death yaks (Lair:2)
  A tengu warrior (D:14)
  A hell knight (D:12)
  A sea snake (shapeshifter) (D:13)
  4 unseen horrors
  A shambling mangrove (Swamp:1)
  2 wizards (D:15)
  A spriggan druid (Swamp:1)
  4 swamp dragons
  9 hill giants
  8 orc sorcerers
  3 orc knights
  15 ugly things
  4 deep elf magi
  27 slime creatures
  6 manticores
  A harpy (D:13)
  6 cyclopes
  An elephant (shapeshifter) (D:8)
  10 elephants (Lair:6)
  3 centaur zombies
  Joseph (D:8)
  A molten gargoyle (D:12)
  The ghost of Danakh the Chopper, a novice MiFi (D:5)
  14 spiny frogs
  8 black mambas
  A guardian serpent (Lair:2)
  2 gargoyles
  2 centaur skeletons
  A freezing wraith (D:8)
  An efreet (D:12)
  3 komodo dragons
  2 guardian mummies (D:15)
  A tengu conjurer (D:14)
  7 trolls
  A polar bear (Lair:3)
  A troll (shapeshifter) (D:15)
  A queen bee (Lair:1)
  2 tyrant leeches
  A bog body (Swamp:1)
  7 two-headed ogres
  15 hornets
  8 blink frogs (Lair:5)
  Grinder (D:4)
  A hornet (shapeshifter) (D:13)
  10 hippogriffs
  3 shadows
  3 centaur simulacra
  Sigmund (D:3)
  A wraith (D:14)
  10 spriggans
  A vampire (D:14)
  7 wyverns
  3 basilisks
  36 yaks
  19 vampire mosquitoes
  4 hogs (D:7)
  A human (D:7)
  Eustachio (D:4)
  A steam dragon (D:12)
  3 mottled dragons
  4 hungry ghosts
  A warg (Orc:1)
  9 insubstantial wisps
  5 swamp worms
  A spiny frog zombie (Swamp:2)
  22 water moccasins
  8 porcupines
  A porcupine (shapeshifter) (D:13)
  26 orc warriors
  3 swamp drakes (Swamp:1)
  13 ice beasts
  2 hornet zombies
  7 sky beasts
  6 phantoms
  6 black bears
  2 necrophages (D:9)
  18 ogres
  2 eyes of draining
  5 wolves
  26 centaurs
  9 crocodiles
  4 big kobolds
  Blork the orc (D:6)
  21 bullfrogs
  A gnoll sergeant (D:7)
  A wyvern zombie (D:12)
  A water moccasin zombie (D:6)
  7 scorpions
  2 water moccasin skeletons
  39 killer bees
  3 electric eels
  2 howler monkeys (D:4)
  9 crimson imps
  3 lava snakes (D:12)
  2 bullfrog zombies
  6 jellies
  13 hounds
  31 orc wizards
  26 orc priests
  Jessica (D:3)
  Natasha (thrice) (D:4)
  Terence (D:3)
  2 iguanas
  14 worker ants
  A bullfrog simulacrum (D:13)
  A hound zombie (D:5)
  19 gnolls
  2 howler monkey skeletons (D:4)
  13 adders
  4 shadow imps
  An ooze (D:2)
  An adder skeleton (D:7)
  6 worms
  4 leopard geckos
  104 orcs
  2 ball pythons (D:1)
  7 giant cockroaches
  11 goblins
  8 hobgoblins
  21 jackals
  30 kobolds
  5 quokkas
  2 bats
  7 frilled lizards
  4 quokka skeletons
  A quokka zombie (D:5)
  9 rats
  3 fungi
  5 plants
982 creatures vanquished.

Vanquished Creatures (others)
  An alligator (Lair:2)
  An unseen horror (D:13)
  A jumping spider (shapeshifter) (D:13)
  A tyrant leech (Swamp:2)
  A swamp worm (Swamp:1)
  A killer bee (D:12)
  An orc priest (Orc:1)
  6 fungi (Lair:2)
  11 plants
24 creatures vanquished.

Grand Total: 1006 creatures vanquished

Notes
Turn   | Place    | Note
-------+----------+-------------------------------------------
     0 | D:1      | Danakh the Minotaur Fighter began the quest for the Orb.
     0 | D:1      | Reached XP level 1. HP: 19/19 MP: 0/0
   163 | D:1      | Reached skill level 3 in Axes
   318 | D:1      | Reached XP level 2. HP: 27/27 MP: 1/1
   611 | D:2      | Reached XP level 3. HP: 33/33 MP: 2/2
   659 | D:2      | Found a white marble altar of Elyvilon.
   799 | D:2      | Reached skill level 4 in Axes
   807 | D:2      | Reached XP level 4. HP: 21/40 MP: 3/3
  1304 | D:2      | Found a glowing golden altar of the Shining One.
  1421 | D:2      | Found a radiant altar of Vehumet.
  1578 | D:3      | Noticed Sigmund
  1580 | D:3      | Noticed Terence
  1589 | D:3      | Killed Sigmund
  1589 | D:3      | Reached skill level 5 in Axes
  1589 | D:3      | Reached XP level 5. HP: 40/47 MP: 4/4
  1595 | D:3      | Killed Terence
  1595 | D:3      | Reached skill level 5 in Shields
  1595 | D:3      | Reached XP level 6. HP: 46/53 MP: 5/5
  1748 | D:3      | Noticed Jessica
  1756 | D:3      | Killed Jessica
  1973 | D:3      | Reached skill level 5 in Armour
  2262 | D:4      | Reached skill level 5 in Fighting
  2370 | D:4      | Reached skill level 6 in Axes
  2373 | D:4      | Reached XP level 7. HP: 61/61 MP: 6/6
  2427 | D:4      | Noticed Grinder
  2453 | D:4      | Paralysed by Grinder for 2 turns
  2464 | D:4      | Paralysed by Grinder for 7 turns
  2491 | D:4      | Killed Grinder
  2791 | D:4      | Noticed Eustachio
  2883 | D:4      | Killed Eustachio
  2883 | D:4      | Reached skill level 7 in Axes
  2885 | D:4      | Reached XP level 8. HP: 54/70 MP: 7/7
  3022 | D:4      | Noticed Natasha
  3026 | D:4      | Killed Natasha
  3029 | D:4      | Noticed Natasha
  3035 | D:4      | Killed Natasha
  3121 | D:4      | Found a faded altar of an unknown god.
  3121 | D:4      | Found a faded altar of an unknown god.
  3127 | D:4      | Found a faded altar of an unknown god.
  3129 | D:4      | Became a worshipper of Vehumet
  3129 | D:4      | Reached * piety under Vehumet
  3129 | D:4      | Offered knowledge of Flame Tongue by Vehumet.
  3131 | D:4      | Found a faded altar of an unknown god.
  3133 | D:4      | Found a hazy altar of Hepliaklqana.
  3284 | D:4      | Noticed Natasha
  3291 | D:4      | Killed Natasha
  3403 | D:5      | Entered Level 5 of the Dungeon
  3513 | D:5      | Found a radiant altar of Vehumet.
  3539 | D:5      | Found a staircase to the Ecumenical Temple.
  3552 | D:5      | Noticed Danakh's ghost (novice MiFi)
  4346 | D:5      | Reached ** piety under Vehumet
  4346 | D:5      | Offered knowledge of Throw Flame by Vehumet.
  4346 | D:5      | Reached skill level 8 in Axes
  4590 | D:5      | Killed Danakh's ghost
  4631 | D:5      | Reached skill level 9 in Axes
  4878 | D:5      | Reached XP level 9. HP: 47/79 MP: 8/8
  5226 | D:6      | Found an iron altar of Okawaru.
  5243 | D:6      | Found an ancient bone altar of Kikubaaqudgha.
  5313 | D:6      | Noticed Blork the orc
  5324 | D:6      | Killed Blork the orc
  5651 | D:6      | Noticed a hill giant
  5661 | D:6      | Killed a hill giant
  5661 | D:6      | Offered knowledge of Conjure Flame by Vehumet.
  5661 | D:6      | Reached skill level 10 in Axes
  5977 | D:7      | Killed an unseen horror
  6156 | D:7      | Reached *** piety under Vehumet
  6186 | D:7      | Reached skill level 11 in Axes
  6221 | D:7      | Found a blossoming altar of Fedhas.
  6227 | D:7      | Reached XP level 10. HP: 88/90 MP: 9/9
  6386 | D:7      | Found a stormy altar of Qazlal.
  6547 | D:7      | Offered knowledge of Force Lance by Vehumet.
  6778 | D:7      | Found a snail-covered altar of Cheibriados.
  6778 | D:7      | Found a deep blue altar of Sif Muna.
  6937 | D:7      | Reached **** piety under Vehumet
  6993 | D:7      | Reached skill level 12 in Axes
  7263 | D:7      | Offered knowledge of Ignite Poison by Vehumet.
  7685 | D:8      | Killed an unseen horror
  7702 | D:8      | Noticed a gargoyle
  7713 | D:8      | Killed a gargoyle
  7898 | D:8      | Noticed a lindwurm
  7898 | D:8      | a dream sheep changed into a lindwurm
  7915 | D:8      | Noticed an elephant
  7915 | D:8      | a lindwurm changed into an elephant
  7922 | D:8      | Killed an elephant
  7983 | D:8      | Noticed a six-headed hydra
  7983 | D:8      | Noticed a six-headed hydra
  8099 | D:7      | Reached XP level 11. HP: 37/99 MP: 10/10
  8387 | D:8      | Reached skill level 10 in Shields
  8390 | D:8      | Noticed a six-headed hydra
  8398 | D:8      | Killed a six-headed hydra
  8406 | D:8      | Reached skill level 13 in Axes
  8606 | D:8      | Got a smoking bronze amulet
  8608 | D:8      | Identified the amulet of Vushriwk {Harm *Drain Fragile rF+ Int+4 Dex+3} (You found it on level 8 of the Dungeon)
  8736 | D:8      | Reached skill level 10 in Fighting
  8741 | D:8      | Gained mutation: You are somewhat resistant to further mutation. [mutagenic meat]
  8743 | D:8      | Gained mutation: You are frail. (-10% HP) [mutagenic meat]
  8764 | D:8      | HP: 2/89 [centaur/arrow (7)]
  9241 | D:8      | Noticed Joseph
  9253 | D:8      | Killed Joseph
  9355 | D:8      | Killed a six-headed hydra
  9355 | D:8      | Reached skill level 10 in Armour
  9436 | D:8      | Killed a seven-headed hydra
  9651 | D:9      | Noticed an obsidian statue
  9702 | D:9      | Reached ***** piety under Vehumet
  9749 | D:9      | Offered knowledge of Delayed Fireball by Vehumet.
  9905 | D:9      | Noticed an orange crystal statue
 10186 | D:10     | Entered Level 10 of the Dungeon
 10410 | D:10     | Killed an unseen horror
 10433 | D:9      | Gained mutation: You are weak. (Str -2) [mutagenic meat]
 10435 | D:9      | Gained mutation: You are agile. (Dex +2) [mutagenic meat]
 10438 | D:9      | Gained mutation: You are partially covered in molten scales. (AC +2) [mutagenic meat]
 10533 | D:9      | Reached skill level 14 in Axes
 10703 | D:10     | Found Coneof's Assorted Antiques.
 10956 | D:11     | Noticed a cyan ugly thing
 11013 | D:10     | Killed a cyan ugly thing
 11234 | D:10     | Noticed a hill giant
 11242 | D:10     | Killed a hill giant
 11262 | D:11     | Reached XP level 12. HP: 73/99 MP: 7/11
 11273 | D:11     | Offered knowledge of Fulminant Prism by Vehumet.
 11721 | D:11     | Noticed a five-headed hydra
 11727 | D:11     | Killed a five-headed hydra
 11727 | D:11     | Reached skill level 15 in Axes
 11744 | D:11     | Found a staircase to the Lair.
 12046 | D:12     | Found a staircase to the Orcish Mines.
 12659 | D:12     | Found Gafesh's Jewellery Shoppe.
 13408 | D:12     | Gained mutation: You are very agile. (Dex +4) [mutagenic meat]
 13437 | D:12     | Noticed a six-headed hydra
 13456 | D:12     | Killed a six-headed hydra
 13732 | D:12     | Reached skill level 16 in Axes
 14272 | D:12     | Reached XP level 13. HP: 106/106 MP: 12/12
 14320 | D:12     | Lost mutation: You are weak. (Str -2) [mutagenic meat]
 14322 | D:12     | Gained mutation: You have an increased reservoir of magic. (+10% MP) [mutagenic meat]
 14566 | Lair:1   | Entered Level 1 of the Lair of Beasts
 14778 | Lair:1   | Reached ****** piety under Vehumet
 14778 | Lair:1   | Offered knowledge of Irradiate by Vehumet.
 15524 | Lair:2   | Found a frozen archway.
 15540 | IceCv    | Entered an ice cave
 16316 | Lair:2   | Reached skill level 17 in Axes
 16638 | Lair:2   | Found a staircase to the Swamp.
 16639 | Lair:2   | Found a staircase to the Snake Pit.
 18446 | Lair:4   | Reached XP level 14. HP: 106/116 MP: 14/14
 18725 | Lair:4   | Offered knowledge of Spellforged Servitor by Vehumet.
 19458 | Lair:5   | Reached skill level 18 in Axes
 19466 | Lair:5   | Found a staircase to the Slime Pits.
 20057 | Lair:6   | Entered Level 6 of the Lair of Beasts
 21030 | Orc:1    | Entered Level 1 of the Orcish Mines
 21036 | Orc:1    | Noticed Fannar
 21371 | Orc:1    | Killed Fannar
 21590 | Orc:2    | Entered Level 2 of the Orcish Mines
 21619 | Orc:2    | Noticed a stone giant
 21635 | Orc:2    | Killed a stone giant
 21635 | Orc:2    | Offered knowledge of Iron Shot by Vehumet.
 21817 | Orc:1    | Paralysed by an orc sorcerer for 4 turns
 22308 | Orc:2    | Found a staircase to the Elven Halls.
 22440 | Orc:2    | Noticed a stone giant
 22460 | Orc:2    | Killed a stone giant
 23073 | Orc:2    | Found Jiseil's Assorted Antiques.
 23118 | Orc:2    | Noticed an orc warlord
 23714 | Orc:1    | Killed an orc warlord
 23959 | Orc:2    | Reached skill level 19 in Axes
 24488 | Orc:2    | Reached XP level 15. HP: 30/125 MP: 10/15
 24927 | Orc:2    | Found Sugh's Antique Armour Shoppe.
 24928 | Orc:2    | Found Bif Imma's Antique Weapon Shoppe.
 24930 | Orc:2    | Found Qesagec's General Store.
 24930 | Orc:2    | Found Jeng's Jewellery Emporium.
 25121 | Orc:2    | Offered knowledge of Poisonous Cloud by Vehumet.
 25247 | Orc:2    | Bought a pair of embroidered gloves for 294 gold pieces
 25867 | D:13     | Found a gate to the Vaults.
 26174 | D:12     | Reached skill level 15 in Shields
 27066 | D:12     | Lost mutation: You have an increased reservoir of magic. (+10% MP) [mutagenic meat]
 27165 | Snake:1  | Entered Level 1 of the Snake Pit
 27165 | Snake:1  | Noticed Aizul
 27467 | D:14     | Offered knowledge of Orb of Destruction by Vehumet.
 27781 | D:14     | Reached skill level 20 in Axes
 27809 | D:14     | Reached skill level 15 in Fighting
 28271 | D:14     | You fall through a shaft!
 28271 | D:15     | Entered Level 15 of the Dungeon
 28399 | D:15     | Noticed Louise
 28640 | D:15     | Noticed Agnes
 28790 | D:15     | Paralysed by a hornet for 2 turns
 28947 | D:14     | Killed Agnes
 29313 | D:14     | Gained mutation: You are resistant to hostile enchantments. (MR+) [mutagenic meat]
 29501 | D:15     | Reached skill level 15 in Armour
 29513 | D:15     | Reached XP level 16. HP: 116/134 MP: 15/15
 29528 | D:15     | Gained mutation: You are surrounded by a mild repulsion field. (EV +2) [mutagenic meat]
 29529 | D:15     | Lost mutation: You are frail. (-10% HP) [mutagenic meat]
 29633 | D:15     | Found a portal to a secret trove of treasure.
 29883 | D:15     | Killed Louise
 30214 | D:15     | Found a staircase to the Depths.
 30220 | D:15     | Offered knowledge of Lehudib's Crystal Spear by Vehumet.
 30220 | D:15     | Offered knowledge of Shatter by Vehumet.
 30220 | D:15     | Offered knowledge of Tornado by Vehumet.
 30652 | Swamp:1  | Entered Level 1 of the Swamp
 31220 | Swamp:1  | You fall through a shaft!
 31895 | Swamp:1  | Reached skill level 21 in Axes
 32884 | Swamp:2  | Noticed Nikola
 32909 | Swamp:2  | Killed Nikola
 32944 | Swamp:2  | HP: 4/151 [poisoned by a swamp dragon (poison gas)]
 32945 | Swamp:2  | HP: 1/151 [poisoned by a swamp dragon (poison gas)]
 32946 | Swamp:2  | Succumbed to a swamp dragon's poison gas

Skill      XL: |  1  2  3  4  5  6  7  8  9 10 11 12 13 14 15 16 |
---------------+-------------------------------------------------+-----
Axes           | 3 4 5 6 7 9 11 12 14 16 17 19 20 21 | 21.2
Shields        | 4 5 6 7 8 9 11 12 13 14 15 16 | 16.4
Armour         | 4 5 6 7 8 9 11 12 13 14 15 | 15.5
Fighting       | 4 5 6 7 8 9 11 12 13 14 15 16 | 16.0

Action                   |  1- 3 |  4- 6 |  7- 9 | 10-12 | 13-15 | 16-18 || total
-------------------------+-------+-------+-------+-------+-------+-------++-------
Melee: War axe           |    77 |   148 |   316 |   767 |  1523 |   329 ||  3160
       Headbutt          |    12 |    13 |    77 |   186 |   431 |    82 ||   801
       Trident           |       |       |       |    51 |    32 |       ||    83
Evoke: Wand              |       |       |       |       |     1 |       ||     1
  Eat: Chunk             |       |     5 |    13 |    33 |    33 |     7 ||    91
       Royal jelly       |       |       |       |     1 |       |       ||     1
       Beef jerky        |       |       |       |     3 |     2 |       ||     5
       Fruit             |       |       |       |     1 |     6 |       ||     7
       Meat ration       |       |       |       |       |     6 |     1 ||     7
Armor: Chain mail        |    34 |    72 |   167 |    22 |       |       ||   295
       Plate armour      |       |       |       |   347 |   375 |    66 ||   788
Dodge: Dodged            |    13 |    33 |    71 |   202 |   418 |    77 ||   814
Block: Shield            |    30 |    80 |   155 |   470 |   629 |       ||  1364
       Large shield      |       |       |       |       |   339 |   270 ||   609
